 Dungeon Crawl Stone Soup version 0.29-a0-322-g68df515428 (webtiles) character file.

Game seed: 11532504998264803482

4203 siradein the Changer (level 10, -3/79 HPs)
             Began as an Octopode Transmuter on Apr 8, 2022.
             Slain by Grum
             ... wielding a -2 spear
              (13 damage)
             ... on level 8 of the Dungeon.
             The game lasted 00:31:58 (12686 turns).

siradein the Changer (Octopode Transmuter)         Turns: 12686, Time: 00:31:58

Health: -3/79      AC:  8    Str: 15    XL:     10   Next: 29%
Magic:  19/19      EV: 13    Int: 20    God:
Gold:   642        SH:  5    Dex: 19    Spells: 9/19 levels left

rFire   x . .      SeeInvis .     - Unarmed
rCold   + + +      Faith    .   (shield currently unavailable)
rNeg    . . .      Spirit   .   (helmet currently unavailable)
rPois   +          Reflect  +   t - amulet of reflection
rElec   .          Harm     .   l - +6 ring of strength
rCorr   .          Rampage  .   m - +6 ring of dexterity
Will    .....                   (no ring)
Stlth   ++........              (no ring)
HPRegen 0.23/turn               (no ring)
MPRegen 0.16/turn               (no ring)
                                (no ring)
                                (no ring)

@: ice-form, wereblooded, unable to read
A: freezing attack, boosted hp, almost no armour, amphibious, 8 rings, large,
(camouflage 1), (gelatinous body 1), (nimble swimmer 1), (tentacles), high MP 1,
inability to read while threatened
a: End Transformation


You were on level 8 of the Dungeon.
You were a creature of crystalline ice.
You visited 2 branches of the dungeon, and saw 11 of its levels.
You also visited: Bailey.

You collected 642 gold pieces.

Inventory:

Magical Staves
 s - a staff of poison (melded)
Jewellery
 l - a +6 ring of strength (left front paw)
 m - a +6 ring of dexterity (right front paw)
 t - an amulet of reflection (around neck)
 w - a ring of fire
 D - a ring of fire
Wands
 h - a wand of mindburst (27)
 F - a wand of digging (10)
 H - a wand of flame (1)
 J - a wand of polymorph (5)
Scrolls
 b - a scroll of fear {unknown}
 d - 6 scrolls of teleportation {unknown}
 e - 3 scrolls of fog {unknown}
 r - 2 scrolls of enchant armour {unknown}
 x - a scroll of blinking {unknown}
 y - 2 scrolls of magic mapping {unknown}
 z - 2 scrolls of enchant weapon
 A - a scroll of silence {unknown}
 B - a scroll of holy word {unknown}
 C - a scroll of summoning {unknown}
 E - a scroll of noise {unknown}
Potions
 a - 3 potions of lignification
 c - 6 potions of curing
 f - 3 potions of attraction
 g - 2 potions of ambrosia
 i - a potion of mutation
 j - 7 potions of heal wounds
 k - 4 potions of resistance
 n - 3 potions of haste
 o - a potion of cancellation {unknown}
 p - 3 potions of magic {unknown}
 q - a potion of flight {unknown}
 u - a potion of berserk rage {unknown}
 v - 6 potions of brilliance {unknown}
 G - a potion of degeneration {unknown}
 I - a potion of invisibility {unknown}
 K - a potion of might {unknown}


   Skills:
 + Level 5.2 Fighting
 + Level 5.6 Dodging
 + Level 6.1 Unarmed Combat
 + Level 5.2 Spellcasting
 + Level 7.6 Transmutations
 + Level 5.1 Ice Magic
 - Level 5.0 Poison Magic


You had 9 spell levels left.
You knew the following spells:

 Your Spells              Type           Power      Damage    Failure   Level
a - Spider Form           Tmut/Pois      30%        N/A       2%          3
b - Wereblood             Tmut           35%        N/A       1%          2
c - Beastly Appendage     Tmut           70%        N/A       1%          1
d - Ice Form              Ice/Tmut       30%        N/A       9%          4

Your spell library contained the following spells:

 Spells                   Type           Power      Damage    Failure   Level
 Ensorcelled Hibernation  Hex/Ice        30%        N/A       6%          2
 Anguish                  Hex/Necr       2%         N/A       75%         4


Dungeon Overview and Level Annotations

Branches:
Dungeon (10/15)            Temple (1/1) D:7          Bailey (visited)
   Lair: D:8-11         Orc: D:9-12

Altars:
Ashenzari
Cheibriados
Dithmenos
Elyvilon
Fedhas
Kikubaaqudgha
Makhleb
Nemelex Xobeh
Okawaru
Qazlal
Ru
Sif Muna
Trog
Uskayaw
Vehumet
Wu Jian
Xom
Yredelemnul
Zin
The Shining One

Shops:
D:3 [   D:4 !

Annotations:
D:3 1 runed translucent door, GigaChad's ghost, amateur DrCK
D:8 Grum


Innate Abilities, Weirdness & Mutations

You are a creature of crystalline ice.
You have a powerful freezing melee attack.
Your maximum health is increased.
Your armour is entirely melded.
You are incapable of wielding weapons or throwing items.
You cannot wear most types of armour.
You are amphibious.
You can wear up to eight rings at the same time.
((Your skin changes colour to match your surroundings (Stealth+).))
((Your rubbery body absorbs attacks. (AC +1, EV +1)))
((You are camouflaged when in or above water. (Stealth+)))
((You have tentacles for arms and can constrict up to eight enemies at once.))
You have an increased reservoir of magic. (+10% MP)
You sometimes lose the ability to read scrolls when taking damage.


Message History

You barely miss the killer bee. The killer bee misses you.
Grum hits you from afar with a -2 spear.
* * * LOW HITPOINT WARNING * * *
The killer bee stings you.
* * * LOW HITPOINT WARNING * * *
You pummel the killer bee!! You freeze the killer bee!
You feel a bit better.
You kill the killer bee!
Grum hits you from afar with a -2 spear!
* * * LOW HITPOINT WARNING * * *
You punch the orc! You freeze the orc.
You feel a bit better.
You kill the orc!
Grum misses you.
You hear some strange, mumbled words.
Something tries to affect you, but you resist.
A wolf comes into view.
The wolf howls!
Grum hits you with a -2 spear.
* * * LOW HITPOINT WARNING * * *
Something hits you but does no damage.
Things that are here:
a +0 club; a +0 leather armour; a killer bee corpse You punch Grum!
You freeze Grum.
Grum is moderately wounded.
Something hits you but does no damage. Grum closely misses you.
You hit Grum. You freeze Grum.
Grum is heavily wounded.
Something hits you.
* * * LOW HITPOINT WARNING * * *
Grum closely misses you.
You hit Grum. You freeze Grum.
Grum is severely wounded.
Something hits you.
* * * LOW HITPOINT WARNING * * *
Grum closely misses you.
You completely miss Grum.
Grum is severely wounded.
You hit Grum. You freeze Grum.
Grum is severely wounded.
Grum hits you with a -2 spear!
You die...

#..# ..... #..#
########..#.......#..#
..........#.......#..#
.########.^..._...^..#
#..#.......#..##
#######..#.......#...#
###.#..o{....# ..... #.#.#
.......o..##.#########...#
###.#.###.##{yh{Y........#
#. #y#####g##.(.....# #y
#y# #h##.####### .. ...
..##.# .. .h. ..###.# ##y
#.####. #.# #. ..# #. #.#
.. #.# #.# #


You could see Grum, 2 wolves and a killer bee.

Vanquished Creatures
  Pikel (D:6)
  Sigmund (D:2)
  2 steam dragons (D:7)
  A water moccasin (D:5)
  An orc warrior (Bailey)
  A sky beast (D:7)
  3 black bears
  3 ogres
  A wolf (D:8)
  A phantom (D:6)
  2 centaurs (D:7)
  A kobold brigand (D:7)
  A lemure (D:6)
  2 bullfrogs
  3 scorpions
  11 wights
  5 killer bees (D:8)
  3 howler monkeys (D:8)
  A crimson imp (D:7)
  8 hounds
  A gnoll shaman (D:7)
  An orc priest (D:4)
  Terence (D:2)
  2 orc wizards
  5 iguanas
  18 gnolls
  7 adders
  A white imp (D:7)
  An ufetubus (D:4)
  2 worms
  2 dart slugs
  35 orcs
  4 ball pythons
  5 bats
  8 endoplasms
  5 giant cockroaches
  2 goblins
  6 hobgoblins
  7 jackals
  10 kobolds
  2 quokkas
  5 frilled lizards
  6 rats
188 creatures vanquished.

Vanquished Creatures (others)
  6 plants (D:3)
6 creatures vanquished.

Grand Total: 194 creatures vanquished

Notes
Turn   | Place    | Note
-------+----------+-------------------------------------------
     0 | D:1      | siradein the Octopode Transmuter began the quest for the
                  | Orb.
     0 | D:1      | Reached XP level 1. HP: 13/13 MP: 3/3
   297 | D:1      | Found a faded altar of an unknown god.
   322 | D:1      | Reached skill level 1 in Poison Magic
   458 | D:1      | Reached XP level 2. HP: 17/18 MP: 3/5
   461 | D:1      | Learned a level 2 spell: Wereblood
  1485 | D:2      | Reached XP level 3. HP: 18/23 MP: 4/6
  1498 | D:2      | Learned a level 3 spell: Spider Form
  1665 | D:2      | Reached skill level 3 in Transmutations
  1864 | D:2      | Noticed Terence
  1876 | D:2      | Killed Terence
  1877 | D:2      | Reached XP level 4. HP: 25/28 MP: 4/7
  1966 | D:2      | Noticed Sigmund
  1985 | D:2      | Killed Sigmund
  1986 | D:2      | Reached skill level 4 in Transmutations
  1986 | D:2      | Reached XP level 5. HP: 14/33 MP: 5/8
  1986 | D:2      | Reached XP level 6. HP: 16/38 MP: 5/9
  2583 | D:3      | Found a runed translucent door.
  2763 | D:3      | Reached skill level 5 in Poison Magic
  3145 | D:3      | Reached skill level 5 in Transmutations
  3601 | D:3      | Found Gaguaq's Armour Shop.
  3651 | D:3      | Noticed a +0 spear
  3652 | D:3      | Noticed a +0 falchion
  3652 | D:3      | Noticed a +0 dagger
  3652 | D:3      | Noticed a +0 spear
  3653 | D:3      | Noticed a +0 falchion
  3653 | D:3      | Noticed a +0 dagger
  3653 | D:3      | Noticed a +0 short sword
  3654 | D:3      | Noticed a +0 short sword
  3658 | D:3      | Found a hide-covered altar of Uskayaw.
  3837 | D:3      | Noticed GigaChad's ghost (amateur DrCK)
  4118 | D:4      | Noticed a black bear
  4131 | D:4      | Killed a black bear
  4132 | D:4      | Reached skill level 1 in Ice Magic
  4132 | D:4      | Reached XP level 7. HP: 15/43 MP: 10/10
  4499 | D:4      | Found Tuocweme's Distillery.
  4770 | D:4      | Learned a level 4 spell: Ice Form
  4870 | D:4      | Found a shimmering blue altar of Sif Muna.
  5126 | D:5      | Entered Level 5 of the Dungeon
  5339 | D:5      | Found a shimmering altar of Xom.
  5449 | D:5      | Reached XP level 8. HP: 50/50 MP: 7/12
  6425 | D:6      | Reached skill level 6 in Transmutations
  6762 | D:6      | Found a sparkling altar of Nemelex Xobeh.
  7098 | D:6      | Noticed Pikel
  7540 | D:6      | HP: 1/52 [lemure[Pikel] (3)]
  7542 | D:6      | Killed Pikel
  7543 | D:6      | Reached XP level 9. HP: 2/58 MP: 12/14
  8075 | D:6      | Reached skill level 5 in Unarmed Combat
  8650 | D:7      | Found a staircase to the Ecumenical Temple.
  8657 | Temple   | Entered the Ecumenical Temple
  8926 | D:7      | Found a glowing silver altar of Zin.
  8927 | D:7      | Found a white marble altar of Elyvilon.
  8930 | D:7      | Found a glowing golden altar of the Shining One.
  9372 | D:7      | Reached skill level 7 in Transmutations
  9747 | D:7      | Reached skill level 5 in Dodging
  9891 | D:7      | Found a blossoming altar of Fedhas.
  9952 | D:7      | Found a radiant altar of Vehumet.
  9980 | D:7      | Found a burning altar of Makhleb.
 10097 | D:7      | Reached XP level 10. HP: 33/65 MP: 10/17
 11331 | D:7      | Identified the +0 leather armour of Protective Custody
                  | {*Corrode rElec rPois Int+2}
 11471 | D:8      | Reached skill level 5 in Fighting
 11471 | D:8      | Reached skill level 5 in Spellcasting
 11589 | D:8      | You fall into a shaft and drop 2 floors!
 11589 | D:10     | Entered Level 10 of the Dungeon
 11797 | D:8      | Found a flagged portal.
 11804 | Bailey   | Entered a bailey
 12166 | Bailey   | Reached skill level 5 in Ice Magic
 12543 | D:8      | Gained mutation: Your body sometimes deteriorates upon
                  | taking damage. [potion of mutation]
 12543 | D:8      | Gained mutation: You are robust. (+10% HP) [potion of
                  | mutation]
 12544 | D:8      | Lost mutation: You are robust. (+10% HP) [potion of
                  | mutation]
 12544 | D:8      | Lost mutation: Your body sometimes deteriorates upon taking
                  | damage. [potion of mutation]
 12544 | D:8      | Gained mutation: You are frail. (-10% HP) [potion of
                  | mutation]
 12544 | D:8      | Gained mutation: Your skin blends seamlessly with your
                  | surroundings (Stealth++). [potion of mutation]
 12544 | D:8      | Gained mutation: You are dopey. (Int -2) [potion of
                  | mutation]
 12544 | D:8      | Gained mutation: You expend magic power (3 MP) to
                  | strengthen your wands. [potion of mutation]
 12545 | D:8      | Lost mutation: Your skin blends seamlessly with your
                  | surroundings (Stealth++). [potion of mutation]
 12545 | D:8      | Lost mutation: You expend magic power (3 MP) to strengthen
                  | your wands. [potion of mutation]
 12545 | D:8      | Lost mutation: You are dopey. (Int -2) [potion of mutation]
 12545 | D:8      | Gained mutation: One of your tentacles bears a spike.
                  | [potion of mutation]
 12545 | D:8      | Gained mutation: Your spells are a little harder to cast,
                  | but a little more powerful. [potion of mutation]
 12546 | D:8      | Lost mutation: You are frail. (-10% HP) [potion of
                  | mutation]
 12546 | D:8      | Lost mutation: One of your tentacles bears a spike. [potion
                  | of mutation]
 12546 | D:8      | Gained mutation: You occasionally shout uncontrollably at
                  | your foes. [potion of mutation]
 12546 | D:8      | Gained mutation: You tend to lose your temper in combat.
                  | [potion of mutation]
 12546 | D:8      | Gained mutation: You are partially covered in large bone
                  | plates. (SH +4) [potion of mutation]
 12547 | D:8      | Lost mutation: Your spells are a little harder to cast, but
                  | a little more powerful. [potion of mutation]
 12547 | D:8      | Lost mutation: You are partially covered in large bone
                  | plates. (SH +4) [potion of mutation]
 12547 | D:8      | Gained mutation: You are weak. (Str -2) [potion of
                  | mutation]
 12547 | D:8      | Lost mutation: You tend to lose your temper in combat.
                  | [potion of mutation]
 12547 | D:8      | Gained mutation: You expend magic power (3 MP) to
                  | strengthen your wands. [potion of mutation]
 12548 | D:8      | Lost mutation: You expend magic power (3 MP) to strengthen
                  | your wands. [potion of mutation]
 12548 | D:8      | Lost mutation: You are weak. (Str -2) [potion of mutation]
 12548 | D:8      | Lost mutation: You occasionally shout uncontrollably at
                  | your foes. [potion of mutation]
 12548 | D:8      | Gained mutation: You sometimes lose the ability to read
                  | scrolls when taking damage. [potion of mutation]
 12548 | D:8      | Gained mutation: You have an increased reservoir of magic.
                  | (+10% MP) [potion of mutation]
 12608 | D:8      | Found a shadowy altar of Dithmenos.
 12667 | D:8      | Noticed Grum
 12686 | D:8      | Slain by Grum

Illustrated notes

Levels and vault maps discovered:
D:1:      minmay_arrival_stair_chambers, layout_basic,
          dilly_ecumenical_altar_fadedgnrine, minmay_misc_feat_cross,
          st_stairs_2, minmay_misc_feat_secret_circle, minmay_misc_feat_columns
D:2:      layout_rooms, uniq_terence, uniq_sigmund
D:3:      layout_loops_cross, nicolae_uskayaw_en_pointe, serial_shops, shop,
          ebering_ghost_sewer_d, serial_bayou_lagoon_a, minmay_pentangle
D:4:      layout_cave_pools, kennysheep_mini, serial_shops, shop,
          cheibrodos_gnoll_hut
D:5:      lemuel_ice_spiral_2, layout_basic, xom_teletrap_fun
D:6:      wad_crossroads, layout_basic, marbit_many_paths,
          serial_co_window_serial, co_window_paths_a, co_window_paths_a,
          co_window_paths_b, co_window_paths_a, co_window_paths_a,
          co_window_paths_a, co_window_paths_a, co_window_paths_a,
          co_window_of_opportunity_a, co_window_broadway_a,
          co_window_broadway_b, co_window_of_opportunity_c, glass_columns_b,
          glass_columns_b, glass_columns_c, glass_columns_a, glass_columns_a,
          uniq_pikel
D:7:      layout_loops_corners, good_gods_temple_1, lemuel_crystal_altar,
          grunt_temple_overflow_lords_of_destruction,
          minmay_temple_entry_statues_pillars
D:8:      layout_loops_ring, nicolae_gozag_seed_capital, lemuel_tele_altar,
          enter_bailey_2, grunt_ministairs_14, uniq_grum, uniq_psyche
D:9:      layout_basic, kennysheep_orc_monster_closet_entryway
D:10:     layout_loops_ring, nicolae_hepliaklqana_hazy_memory, erik_lair_island
Temple:   grunt_temple_mini_profane

Skill      XL: |  1  2  3  4  5  6  7  8  9 10 |
---------------+-------------------------------+-----
Poison Magic   | 1 2 3 4 5 |  5.0
Transmutations | 3 4 5 6 7 |  7.6
Ice Magic      | 1 2 3 4 5 |  5.1
Fighting       | 2 3 4 5 |  5.2
Dodging        | 3 4 5 |  5.6
Spellcasting   | 3 4 5 |  5.2
Unarmed Combat | 4 5 6 |  6.1

Action                   |  1- 3 |  4- 6 |  7- 9 | 10-12 || total
-------------------------+-------+-------+-------+-------++-------
Melee: Unarmed           |    79 |   123 |   231 |    90 ||   523
       Constrict         |    15 |     4 |     4 |       ||    23
       Tentacles         |     9 |     5 |     1 |       ||    15
       Punch             |     4 |       |       |       ||     4
       Kick              |    15 |     1 |     4 |       ||    20
       Scythe            |       |     4 |       |       ||     4
       Staff             |       |     1 |    13 |     1 ||    15
 Cast: Beastly Appendage |    15 |     2 |     2 |       ||    19
       Spider Form       |     1 |    15 |    30 |       ||    46
       Wereblood         |       |       |     5 |     3 ||     8
       Ice Form          |       |       |     9 |    15 ||    24
  Use: Scroll            |       |       |     7 |       ||     7
       Potion            |       |       |       |     6 ||     6
 Stab: Sleeping          |     4 |     3 |     3 |     2 ||    12
Armor: Skin              |     4 |     7 |    15 |    21 ||    47
Dodge: Dodged            |    62 |   123 |   175 |    79 ||   439
Block: Other             |       |       |    43 |    19 ||    62
       Reflection        |       |       |     1 |       ||     1

Table legend: (Time is in decaauts)
 A = Elapsed time spent in this place.
 B = Non-inter-level travel time spent in this place.
 C = Inter-level travel time spent in this place.
 D = Time resting spent in this place.
 E = Time spent auto-exploring this place.
 F = Levels seen in this place.
 G = Mean time per level.
                   A        B        C        D        E       F      G
               +--------+--------+--------+--------+--------+-----+--------+
         Total |  12654 |  12244 |    410 |   2773 |   7296 |  12 | 1054.5 |
       Dungeon |  11718 |  11308 |    410 |   2738 |   6584 |  10 | 1171.8 |
        Temple |    211 |    211 |      0 |      0 |    171 |   1 |  211.0 |
        Bailey |    723 |    723 |      0 |     35 |    541 |   1 |  723.0 |
               +--------+--------+--------+--------+--------+-----+--------+

Top non-repeatable levels by time:
     D:5: 2220 daAuts
     D:7: 2023 daAuts
     D:6: 1856 daAuts
     D:3: 1501 daAuts
     D:1: 1467 daAuts
     D:4: 1194 daAuts
     D:2: 953 daAuts
  Bailey: 723 daAuts
     D:8: 336 daAuts
  Temple: 211 daAuts
     D:9: 149 daAuts
    D:10: 15 daAuts
